 Dungeon Crawl Stone Soup version 0.32-a0-876-gcfddb08e57 (webtiles) character file.

Game seed: 17157499730256662815

6888 Aldia the Grappler (level 10, -1/88 HPs)
             Began as a Grey Draconian Shapeshifter on Apr 1, 2024.
             Was a Believer of Ru.
             Slain by an orc warrior
             ... wielding a +4 trident
              (10 damage)
             ... on level 9 of the Dungeon.
             The game lasted 00:20:14 (9311 turns).

Aldia the Grappler (Grey Draconian Shapeshifter)    Turns: 9311, Time: 00:20:16

Health: -1/88      AC: 21    Str: 18    XL:     10   Next: 79%
Magic:  10/10      EV: 18    Int: 10    God:    Ru [**....]
Gold:   161        SH:  0    Dex: 14    Spells: 5/9 levels left

rFire   . .          .
                       - Unarmed
rCold   + . .        (shield currently unavailable)
rNeg    . . .        (body armour unavailable)
rPois   .            (helmet restricted)
rElec   .            G - +2 cloak
rCorr   .            B - +2 pair of gloves
SInv    .            K - +2 pair of boots
Will    +....        (no amulet)
Stlth   +            J - ring of willpower
HPRegen 0.34/turn    C - ring of protection from cold
MPRegen 0.12/turn

%: no passive effects
@: flux-form, spiked, horrified, glowing
A: glow, contaminating, mud breath, mud-swimmer, AC +12, amphibious, unfitting
armour, cold-blooded, cowardly, unskilled 1
a: Mud Breath, Begin Untransformation, Renounce Religion


You were on level 9 of the Dungeon.
You worshipped Ru.
Ru was pleased with you.
You were something dangerously unstable.
You visited 2 branches of the dungeon, and saw 10 of its levels.
You also visited: Ossuary and Bailey.

You collected 693 gold pieces.
You spent 532 gold pieces at shops.

Inventory:

Hand Weapons
 l - the +2 whip "Heudam" {drain, Str+2}
   (You found it on level 2 of the Dungeon)

   Str+2:     It affects your strength (+2).
Missiles
 o - 2 curare-tipped darts (quivered)
Armour
 j - a +1 kite shield
 B - a +2 pair of gloves (worn)
 G - a +2 cloak (worn)
 K - a +2 pair of boots (worn)
Jewellery
 e - a ring of wizardry
 u - a ring of positive energy
 C - a ring of protection from cold (right hand)
 J - a ring of willpower (left hand)
Talismans
 b - a beast talisman
 c - a flux talisman (active)
Wands
 r - a wand of polymorph (22)
 y - a wand of flame (9)
 F - a wand of paralysis (8)
 H - a wand of digging (2)
Scrolls
 d - a scroll of butterflies
 h - a scroll of revelation {unknown}
 i - 4 scrolls of teleportation
 m - 2 scrolls of torment
 p - a scroll of noise {unknown}
 q - 5 scrolls of enchant weapon
 t - a scroll of fog
 I - a scroll of blinking {unknown}
 L - 2 scrolls of poison
 M - a scroll of silence
 N - a scroll of immolation
 O - 3 scrolls of enchant armour
 P - a scroll of brand weapon
Potions
 a - a potion of brilliance
 f - 2 potions of attraction
 g - 2 potions of invisibility
 k - a potion of magic {unknown}
 n - 3 potions of might
 s - 2 potions of haste
 v - 2 potions of ambrosia
 w - 2 potions of resistance
 x - 3 potions of heal wounds
 z - 2 potions of curing
 A - 2 potions of mutation
 D - 2 potions of enlightenment
 E - a potion of cancellation {unknown}


   Skills:
 + Level 8.1 Fighting
 + Level 6.9 Dodging
 * Level 10.9 Unarmed Combat
 + Level 1.0 Translocations
 - Level 7.0 Shapeshifting


You had 5 spell levels left.
You knew the following spells:

 Your Spells              Type           Power      Damage    Failure   Level
a - Passage of Golubria   Tloc           1%         N/A       94%         4

Your spell library contained the following spells:

 Spells                   Type           Power      Damage    Failure   Level
 Freeze                   Ice            0%         1d3       36%         1
 Frozen Ramparts          Ice            0%         1d1       75%         3
 Hailstorm                Conj/Ice       0%         3d5       75%         3
 Tukima's Dance           Hex            0%         N/A       75%         3
 Yara's Violent Unravell  Hex/Alch       0%         3d3       100%        5


Dungeon Overview and Level Annotations

Branches:
Dungeon (9/15)             Temple (1/1) D:4         Ossuary (visited)
 Bailey (visited)
   Lair: D:8-11         Orc: D:9-12

Altars:
Cheibriados
Dithmenos
Elyvilon
Fedhas
Gozag
Hepliaklqana
Kikubaaqudgha
Makhleb
Nemelex Xobeh
Okawaru
Ru
Sif Muna
Uskayaw
Yredelemnul
The Shining One

Shops:
D:4 :


Innate Abilities, Weirdness & Mutations

You are something dangerously unstable.
You glow with magical radiation, making you easy to see and hit.
Foes you strike become dangerously contaminated with magical radiation.
You are incapable of wielding weapons or throwing items.
You can breathe torrents of mud.
You are unimpeded by mud.
Your dull iron-grey scales are very hard. (AC +12)
You are amphibious.
You cannot fit into any form of body armour.
You are cold-blooded and may be slowed by cold attacks.
Your cowardice makes you less effective in combat with threatening foes.
You are somewhat unskilled. (-1 Apt)


Message History

Your Translocations skill increases to level 1!
Okay, then.
Okay, then.
Okay, then.
Aiming: Polymorph
Press: ? - help, Shift-Dir - straight line, f - orc warrior
Aim: an orc warrior, wielding a +4 trident and wearing a +0 ring mail (will become a hound, a rime drake, or a wyvern, chance to affect: 49%)
The orc warrior resists with some effort.
The red devil throws a boomerang.
The boomerang barely misses you.
The red devil hits you from afar with a +0 spear!
More barbed spikes become lodged in your body.
The orc warrior hits you but does no damage.
The barbed spikes dig painfully into your body as you move.
The red devil hits you but does no damage.
The red devil barely misses you.
The orc warrior hits you but does no damage.
Things that are here:
a +0 trident; a +0 buckler You are too injured to fight recklessly!
Unknown command.
You are too injured to fight recklessly!
Unknown command.
You are too injured to fight recklessly!
Unknown command.
You are too injured to fight recklessly!
You closely miss the orc warrior. The red devil hits you with a +0 spear!
* * * LOW HITPOINT WARNING * * *
More barbed spikes become lodged in your body.
The red devil completely misses you.
The orc warrior hits you with a +4 trident!
* * * LOW HITPOINT WARNING * * *
Unknown command.
You hit the red devil but do no damage.
The red devil begins to glow.
The red devil hits you with a +0 spear!
* * * LOW HITPOINT WARNING * * *
More barbed spikes become lodged in your body.
The red devil barely misses you.
The orc warrior hits you with a +4 trident!
You die...
Ru respects your ultimate sacrifice.

... #.# .§ #.#
#.. ##.##
###.###.$.###
#......$.$..
#.#.###o44#
#.....##p# .
#.#.≈..#.# ≈.#
#...≈≈.#.#.≈≈..
#.#...)........#
#.#####.#......#
#.# #.#......#
#.# #.###..#.#
#.# #.# ..# #
#.# #.. ...


You could see 2 red devils and an orc warrior.

Vanquished Creatures
  An orc knight (Bailey)
  A red devil (D:9)
  Grinder (D:6)
  A hornet (D:9)
  2 water moccasins
  Duvessa (D:7)
  9 orc warriors (Bailey)
  2 sky beasts
  2 ice beasts (D:6)
  2 ogres
  2 centaurs
  A phantom (D:6)
  4 kobold brigands
  A gnoll sergeant (D:8)
  A bullfrog (D:6)
  6 scorpions
  Dowan (D:7)
  9 wights (D:7)
  8 howler monkeys (D:7)
  A bombardier beetle (D:4)
  2 bullfrog zombies (Ossuary)
  3 hounds
  Crazy Yiuf (D:7)
  2 orc priests
  A sleepcap (D:4)
  2 gnoll boudas
  2 jellies
  3 iguanas
  4 mummies (Ossuary)
  5 orc wizards
  4 crocodile zombies (Ossuary)
  2 hound zombies (Ossuary)
  7 howler monkey zombies (Ossuary)
  Robin (D:3)
  11 gnolls
  6 adders
  3 shadow imps (D:7)
  5 white imps
  3 ufetubi (D:7)
  2 dart slugs
  2 ribbon worms
  39 orcs
  4 bats
  8 endoplasms
  3 giant cockroaches
  19 goblins
  5 hobgoblins
  6 jackals
  5 quokkas
  7 ball pythons
  2 ball python zombies (Ossuary)
  22 kobolds
  2 quokka zombies (D:5)
  4 rats
253 creatures vanquished.

Vanquished Creatures (others)
  A gnoll (D:8)
1 creature vanquished.

Grand Total: 254 creatures vanquished

Notes
Turn   | Place    | Note
-------+----------+-------------------------------------------
     0 | D:1      | Aldia the Draconian Shapeshifter began the quest for the
                  | Orb.
     0 | D:1      | Reached XP level 1. HP: 16/16 MP: 1/1
    97 | D:1      | Found Wikocisu's Magic Scroll Shop.
   100 | D:1      | Bought a scroll of identify for 26 gold pieces
   283 | D:1      | Reached XP level 2. HP: 23/23 MP: 2/2
   756 | D:1      | Bought a scroll of teleportation for 39 gold pieces
   910 | D:2      | Reached XP level 3. HP: 29/29 MP: 3/3
  1023 | D:2      | Identified the +2 whip "Heudam" {drain, Str+2}
  1511 | D:3      | Noticed Robin
  1521 | D:3      | Reached XP level 4. HP: 36/36 MP: 4/4
  1530 | D:3      | Killed Robin
  1531 | D:3      | Reached skill level 4 in Unarmed Combat
  2059 | D:3      | Found a faded altar of an unknown god.
  2428 | D:1      | Bought a scroll of identify for 26 gold pieces
  2428 | D:1      | Bought a scroll of fog for 52 gold pieces
  2515 | D:4      | Noticed an ogre
  2519 | D:4      | Reached XP level 5. HP: 36/41 MP: 5/5
  2524 | D:4      | Killed an ogre
  2525 | D:4      | Reached skill level 5 in Shapeshifting
  2616 | D:4      | Reached XP level 6. HP: 44/48 MP: 6/6
  2633 | D:4      | Found Riacka's Self-Improvement Boutique.
  2881 | D:4      | HP: 2/48 [poisoned by a scorpion]
  3159 | D:4      | Found a staircase to the Ecumenical Temple.
  3169 | Temple   | Entered the Ecumenical Temple
  3192 | D:4      | Your scales start taking on a dull iron-grey colour.
  3192 | D:4      | Reached XP level 7. HP: 55/55 MP: 7/7
  3223 | Temple   | Became a worshipper of Ru the Awakened
  3717 | D:5      | Entered Level 5 of the Dungeon
  3981 | D:5      | Found a sand-covered staircase.
  4006 | Ossuary  | Entered an ossuary
  4017 | Ossuary  | Reached skill level 5 in Unarmed Combat
  4257 | Ossuary  | Reached XP level 8. HP: 63/63 MP: 8/8
  4290 | Ossuary  | Gained mutation: You are somewhat unskilled. (-1 Apt) [Ru
                  | sacrifice]
  4290 | Ossuary  | Reached * piety under Ru
  4495 | D:5      | Reached skill level 5 in Dodging
  4495 | D:5      | Reached skill level 9 in Unarmed Combat
  4495 | D:5      | Reached XP level 9. HP: 74/79 MP: 9/9
  4659 | D:5      | Found a hide-covered altar of Uskayaw.
  4674 | D:5      | Found a glowing golden altar of the Shining One.
  5291 | D:6      | Found a blossoming altar of Fedhas.
  5645 | D:6      | Noticed Grinder
  5656 | D:6      | Killed Grinder
  5995 | D:7      | Reached skill level 10 in Unarmed Combat
  6345 | D:7      | Noticed Duvessa
  6349 | D:7      | Reached XP level 10. HP: 52/86 MP: 10/10
  6355 | D:7      | Noticed Dowan
  6367 | D:7      | Killed Duvessa
  6374 | D:7      | Killed Dowan
  6677 | D:7      | Found a runed translucent door.
  6678 | D:7      | Noticed Crazy Yiuf
  6685 | D:7      | Killed Crazy Yiuf
  6914 | D:7      | Gained mutation: Your cowardice makes you less effective in
                  | combat with threatening foes. [Ru sacrifice]
  6914 | D:7      | Reached ** piety under Ru
  7379 | D:8      | Learned a level 4 spell: Passage of Golubria
  8079 | D:1      | Bought a scroll of silence for 123 gold pieces
  8079 | D:1      | Bought a scroll of immolation for 52 gold pieces
  8079 | D:1      | Bought a scroll of poison for 52 gold pieces
  8079 | D:1      | Bought a scroll of torment for 123 gold pieces
  8079 | D:1      | Bought a scroll of teleportation for 39 gold pieces
  8217 | D:9      | Found a flagged portal.
  8268 | Bailey   | Entered a bailey
  8498 | Bailey   | Noticed an orc knight
  8524 | Bailey   | HP: 2/88 [orc knight/+0 glaive (10)]
  8903 | Bailey   | Killed an orc knight
  9308 | D:9      | Reached skill level 1 in Translocations
  9311 | D:9      | Slain by an orc warrior

Illustrated notes

Levels and vault maps discovered:
D:1:      orjb1_lava_funnel, layout_rooms, serial_shops, nicolae_shop_rolled_up,
          roderic_lattice_a, st_stairs_7, minivault_14
D:2:      layout_basic
D:3:      layout_loops_ring, serial_glass, glass_columns_a, glass_columns_a,
          due_unseen_surprise, feat_on_display, minmay_strange_pillars,
          shapermc_ecumenical_altar_totnotflames, nrook_mini_vaults, uniq_robin
D:4:      layout_basic, minmay_temple_entry_butterflies, minmay_misc_feat_roman,
          nicolae_shop_self_help
D:5:      layout_cave_pools, jmf_multi_god_temple2, enter_ossuary_4
D:6:      layout_loops_corners, amcnicky_altar_gilded, uniq_grinder
D:7:      layout_loops_ring, serial_demonic, serial_demonic_c, serial_demonic_d,
          serial_demonic_e, serial_demonic_a, uniq_crazy_yiuf_cottage,
          uniq_duvessa
D:8:      layout_basic
D:9:      layout_loops_ring, lair_entry_dummy, enter_bailey_5, serial_rivers,
          chequers_serial_rivers_marsh, chequers_serial_rivers_micro_b,
          chequers_serial_rivers_small_b, chequers_serial_rivers_micro_a,
          chequers_serial_rivers_small_b, grunt_livestock,
          einodemon_armed_red_devil_minivault
Temple:   nicolae_temple_no_exploring_needed

Skill      XL: |  1  2  3  4  5  6  7  8  9 10 |
---------------+-------------------------------+-----
Dodging        | 2 3 5 6 |  6.9
Fighting       | 2 3 7 8 |  8.1
Unarmed Combat | 4 5 9 10 | 10.9
Shapeshifting  | 4 5 6 7 6 7 |  7.0
Translocations | 1 |  1.0

Action                     |  1- 3 |  4- 6 |  7- 9 | 10-12 || total
---------------------------+-------+-------+-------+-------++-------
  Melee: Unarmed           |    69 |    56 |   381 |   280 ||   786
         Tailslap          |    11 |    15 |    67 |    44 ||   137
         Whip              |    24 |    57 |       |       ||    81
         Punch             |     2 |     1 |       |       ||     3
 Invoke: Sacrifice Skill   |       |       |     1 |       ||     1
         Sacrifice Courage |       |       |       |     1 ||     1
Ability: Mud Breath        |       |       |       |     2 ||     2
  Evoke: Wand              |       |       |       |     2 ||     2
    Use: Scroll            |     2 |     3 |    10 |     9 ||    24
         Potion            |       |     3 |     1 |     2 ||     6
 Armour: Skin              |    54 |    57 |   118 |   146 ||   375
  Dodge: Dodged            |    49 |    67 |   242 |   301 ||   659
   Form: Flux              |       |       |     1 |       ||     1

Table legend: (Time is in decaauts)
 A = Elapsed time spent in this place.
 B = Non-inter-level travel time spent in this place.
 C = Inter-level travel time spent in this place.
 D = Time resting spent in this place.
 E = Time spent auto-exploring this place.
 F = Levels seen in this place.
 G = Mean time per level.
                   A        B        C        D        E       F      G
               +--------+--------+--------+--------+--------+-----+--------+
         Total |   9212 |   8178 |   1034 |     67 |   6303 |  12 |  767.7 |
       Dungeon |   8025 |   7009 |   1016 |     52 |   5592 |   9 |  891.7 |
        Temple |     44 |     26 |     18 |      0 |      0 |   1 |   44.0 |
       Ossuary |    472 |    472 |      0 |      0 |    318 |   1 |  472.0 |
        Bailey |    670 |    670 |      0 |     15 |    393 |   1 |  670.0 |
               +--------+--------+--------+--------+--------+-----+--------+

Top non-repeatable levels by time:
     D:4: 1258 daAuts
     D:7: 1219 daAuts
     D:6: 1128 daAuts
     D:3: 1068 daAuts
     D:1: 931 daAuts
     D:2: 713 daAuts
  Bailey: 670 daAuts
     D:8: 661 daAuts
     D:5: 643 daAuts
 Ossuary: 472 daAuts
     D:9: 402 daAuts
  Temple: 44 daAuts
